 Dungeon Crawl Stone Soup version 0.32-a0-42-ga30500b4d3 (webtiles) character file.

Game seed: 8362474573769004070

34381 Newt the Fighter (level 13, -5/91 HPs)
             Began as a Gargoyle Monk on Feb 1, 2024.
             Was the Champion of Okawaru.
             Shot with a bolt by a yaktaur (22 damage)
             ... on level 13 of the Dungeon.
             The game lasted 00:23:48 (16342 turns).

Newt the Fighter (Gargoyle Monk)                   Turns: 16342, Time: 00:23:48

Health: -5/91      AC: 31    Str: 19    XL:     13   Next: 77%
Magic:  13/13      EV: 17    Int: 18    God:    Okawaru [******]
Gold:   300        SH:  0    Dex: 18    Spells: 12/12 levels left

rFire   + + .        a - +3 demon whip (venom)
rCold   x . .        k - orb of Okawaru's Esteem {mayhem, Int+2 Dex+3 Earth}
rNeg    + . .        x - +2 acid dragon scales
rPois   ∞            H - +1 hat
rElec   +            h - +2 cloak
rCorr   +            (no gloves)
SInv    .            O - +1 pair of boots {Fly}
Will    +....        P - amulet of regeneration
Stlth   +            U - ring of Redel {Fire Will+ Int+4 Dex+3}
HPRegen 1.15/turn    T - +5 ring of evasion
MPRegen 0.13/turn

%: mayhem
@: flying
A: sickness immunity, AC +9, negative energy resistance 1, electricity
resistance, torment resistance 1, petrification resistance, iridescent scales 2,
fire resistance 1
a: Renounce Religion, Heroism, Finesse, Duel


You were on level 13 of the Dungeon.
You worshipped Okawaru.
Okawaru was exalted by your worship.
You visited 1 branch of the dungeon, and saw 13 of its levels.
You also visited: Sewer, Bailey and Gauntlet.

You collected 1626 gold pieces.
You spent 1326 gold pieces at shops.

Inventory:

Hand Weapons
 a - a +3 demon whip of venom (weapon)
 b - a +4 demon whip of flaming
 q - the +8 triple crossbow "Ketame" {freeze, Int+4 Stlth+}
   (You took it off a minotaur in a Gauntlet)

   Int+4:     It affects your intelligence (+4).
   Stlth+:    It makes you more stealthy.
 Z - the +6 triple crossbow of Cumudghe {penet, ^Drain Int+4 Dex+2}
   (Okawaru gifted it to you on level 12 of the Dungeon)

   Int+4:     It affects your intelligence (+4).
   Dex+2:     It affects your dexterity (+2).
   ^Drain:    It drains your maximum health when unequipped.
Missiles
 i - 39 poisoned darts
 z - 21 boomerangs (quivered)
 B - 3 throwing nets
 I - 7 silver javelins
 M - 5 javelins
 Q - 5 curare-tipped darts
Armour
 d - an orb of light
 g - a +0 troll leather armour
 h - a +2 cloak (worn)
 k - the orb of Okawaru's Esteem (worn) {mayhem, Int+2 Dex+3 Earth}
   (Okawaru gifted it to you on level 12 of the Dungeon)

   Int+2:     It affects your intelligence (+2).
   Dex+3:     It affects your dexterity (+3).
   Earth:     It increases the power of your Earth spells.
 x - +2 acid dragon scales (worn)
 H - a +1 hat (worn)
 O - a +1 pair of boots of flying (worn)
 Y - a +3 scale mail of willpower
Jewellery
 w - a ring of resist corrosion
 P - an amulet of regeneration (around neck)
 T - a +5 ring of evasion (right hand)
 U - the ring of Redel (left hand) {Fire Will+ Int+4 Dex+3}
   (You found it in a Gauntlet)

   [ring of fire]

   Fire:      It enhances your fire magic.
   Int+4:     It affects your intelligence (+4).
   Dex+3:     It affects your dexterity (+3).
   rF+:       It protects you from fire.
   rC-:       It makes you vulnerable to cold.
   Will+:     It increases your willpower.
Wands
 K - a wand of flame (31)
 L - a wand of quicksilver (7)
 S - a wand of iceblast (17)
 V - a wand of digging (2)
Scrolls
 e - a scroll of blinking
 f - 5 scrolls of immolation
 s - 2 scrolls of teleportation
 t - 2 scrolls of enchant armour
 u - a scroll of noise
 J - 2 scrolls of amnesia {unknown}
 X - a scroll of poison {unknown}
Potions
 c - 4 potions of ambrosia
 j - 2 potions of curing
 l - 3 potions of lignification
 n - 2 potions of might
 p - 2 potions of haste
 v - 3 potions of mutation
 C - 7 potions of enlightenment
 D - a potion of resistance
 E - a potion of cancellation
 N - a potion of brilliance
Miscellaneous
 G - a lightning rod (4/4)
 W - a condenser vane


   Skills:
 - Level 14.9 Fighting
 - Level 11.4 Maces & Flails
 - Level 4.2 Polearms
 - Level 10.5 Throwing
 - Level 10.0 Armour
 - Level 2.4 Dodging
 * Level 3.1 Evocations


You had 12 spell levels left.
You didn't know any spells.
Your spell library contained the following spells:

 Spells                   Type           Power      Damage    Failure   Level
 Kiss of Death            Conj/Necr      0%         2d5       26%         1
 Shock                    Conj/Air       0%         1d3       26%         1
 Mercury Vapours          Alch/Air       0%         N/A       38%         2
 Dazzling Flash           Conj/Hex       0%         N/A       63%         3
 Frozen Ramparts          Ice            0%         1d1       63%         3
 Inner Flame              Hex/Fire       0%         N/A       63%         3
 Mephitic Cloud           Conj/Alch/Air  0%         N/A       63%         3
 Swiftness                Air            0%         N/A       63%         3
 Airstrike                Air            0%         2d(0-16)  95%         4
 Anguish                  Hex/Necr       0%         N/A       95%         4
 Cause Fear               Hex            0%         N/A       95%         4
 Dispel Undead            Necr           0%         3d6       95%         4
 Flame Wave               Conj/Fire      0%         2d4       95%         4
 Ignite Poison            Fire/Alch      0%         N/A       95%         4
 Leda's Liquefaction      Alch/Erth      0%         N/A       95%         4
 Petrify                  Alch/Erth      0%         N/A       95%         4
 Sticky Flame             Fire/Alch      0%         2d4       95%         4
 Curse of Agony           Necr           0%         N/A       100%        5
 Metabolic Englaciation   Hex/Ice        0%         N/A       100%        5
 Silence                  Hex/Air        0%         N/A       100%        5
 Enfeeble                 Hex            0%         N/A       100%        7
 Ignition                 Fire           0%         3d3       100%        8
 Chain Lightning          Conj/Air       0%         N/A       100%        9
 Cigotuvi's Dreadful Rot  Necr/Alch/Air  Unusable   N/A       N/A         2
 Martyr's Knell           Necr/Summ      Unusable   N/A       N/A         4
 Death Channel            Necr           Unusable   N/A       N/A         6

Dungeon Overview and Level Annotations

Branches:
Dungeon (13/15)            Temple (0/1) D:6            Lair (0/5) D:10
    Orc (0/2) D:9           Sewer (visited)          Bailey (visited)
Gauntlet (visited)
 Vaults: D:13-14

Altars:
Ashenzari
Cheibriados
Dithmenos
Elyvilon
Fedhas
Hepliaklqana
Kikubaaqudgha
Makhleb
Nemelex Xobeh
Okawaru
Qazlal
Uskayaw
Vehumet
Wu Jian
Xom
Yredelemnul
The Shining One
Jiyva

Shops:
D:5 :   D:10 [   D:11 =*[   D:13 *

Annotations:
D:8 3 runed translucent doors, Videorelaxant888's ghost, novice GnMo
D:12 1 runed translucent door, Newt's ghost, journeyman GrFi


Innate Abilities, Weirdness & Mutations

You are immune to sickness and miasma.
Your stone body is resilient. (AC +9)
You are immune to poison.
You resist negative energy. (rN+)
You are resistant to electric shocks. (rElec)
You are resistant to unholy torment.
You are immune to petrification.
You are mostly covered in iridescent scales. (AC +4)
Your flesh is heat resistant. (rF+)


Message History

The bolt hits the vault guard!!
The orc sorcerer casts a spell at the vault guard.
The bolt of negative energy hits the vault guard!!
The vault guard is drained!
The vault guard hits the orc sorcerer with a +0 war axe!!
The orc sorcerer dies!
Okawaru accepts your kill. The vault guard closely misses you.
Your Evocations skill increases to level 3!
Things that are here:
a +0 dagger; a +0 robe The vault guard hits you with a +0 war axe!
The yaktaur shoots a bolt.
The bolt closely misses you.
The vault guard hits you with a +0 war axe!!
Things that are here:
a +0 dagger; a +0 robe; an orc corpse Unknown command.
You hit the vault guard but do no damage.
The vault guard looks as sick as possible!
The vault guard is almost dead.
Unknown command.
The vault guard hits you but does no damage.
The vault guard hits you with a +0 war axe!!
* * * LOW HITPOINT WARNING * * *
A deep elf archer comes into view. It is wielding a +0 dagger.
The yaktaur shoots a bolt.
The bolt completely misses the vault guard.
The bolt hits you!
* * * LOW HITPOINT WARNING * * *
The deep elf archer shouts!
Things that are here:
a +0 dagger; a +0 robe Unknown command.
You feel better. The vault guard completely misses you.
The deep elf archer unwields a +0 dagger.
The deep elf archer wields a +0 longbow.
The deep elf archer shoots an arrow.
The arrow hits the vault guard!
The vault guard dies!
The yaktaur shoots a bolt.
The bolt hits you!!
You die...

#~~~..... #....
+........ +..e#
+.......# #..c.
+.......# #...#
#~~~....# #...#
#≈≈≈~...#
#...#####≈≈≈~...##+##
#..)#...)≈≈≈~........
#.))@..).≈≈≈~.#......
#(..#..)#≈≈~..+......
#########≈~...##+##'#
#............
..########(..# ...
#...# #..( #...# #...
#...# #... +...+


You could see a deep elf archer (repels missiles) and a yaktaur.

Vanquished Creatures
  Jorgrun (D:12)
  Gastronok (D:9)
  Azrael (D:12)
  A minotaur (Gauntlet)
  A vault guard (D:13)
  Erolcha (D:11)
  2 boulder beetles
  A two-headed ogre (D:11)
  7 hell knights (D:12)
  Sonja (D:12)
  2 fire crabs
  An arcanist (D:13)
  3 necromancers (D:12)
  An ugly thing (D:12)
  4 cyclopes
  A manticore (D:12)
  Maurice (D:12)
  A meliai (shapeshifter) (D:13)
  Joseph (D:9)
  An unseen horror (D:11)
  Maggie (D:6)
  An efreet (Gauntlet)
  A yaktaur (D:13)
  2 trolls
  6 slime creatures
  2 shadows
  A wraith (D:11)
  3 fire elementals
  4 fire bats (Gauntlet)
  2 steam dragons (D:8)
  23 yaks
  13 vampire mosquitoes
  A warg (D:9)
  An acid dragon (D:12)
  11 hell hounds
  Pargi (Sewer)
  An ice beast (shapeshifter) (D:8)
  3 ice beasts (D:7)
  11 orc warriors
  2 sky beasts
  2 laughing skulls (Gauntlet)
  2 wolves (D:9)
  2 ogres
  9 centaurs
  A phantom (D:7)
  5 kobold brigands
  A bullfrog (D:8)
  5 scorpions
  2 gnoll sergeants
  6 howler monkeys
  A hound (D:4)
  2 jellies
  A gnoll bouda (D:9)
  5 orc priests
  A sleepcap (D:8)
  Jessica (D:2)
  3 iguanas
  Terence (D:2)
  14 orc wizards
  Robin (D:4)
  16 gnolls
  10 adders
  A shadow imp (D:5)
  2 white imps
  2 dart slugs (D:2)
  4 ribbon worms
  54 orcs
  15 ball pythons
  8 bats
  10 endoplasms
  3 giant cockroaches
  19 goblins
  14 hobgoblins
  7 jackals
  3 quokkas
  2 frilled lizards
  44 kobolds
  6 rats
408 creatures vanquished.

Vanquished Creatures (collateral kills)
  An orc sorcerer (D:13)
  A cyclops (D:12)
  A yaktaur (D:13)
  A yak (D:12)
  A fire elemental (D:12)
  2 hell hounds (D:12)
7 creatures vanquished.

Vanquished Creatures (others)
  A vault guard (D:13)
  A vampire mosquito (D:12)
  A kobold (D:9)
3 creatures vanquished.

Grand Total: 418 creatures vanquished

Notes
Turn   | Place    | Note
-------+----------+-------------------------------------------
     0 | D:1      | Newt the Gargoyle Monk began the quest for the Orb.
     0 | D:1      | Reached XP level 1. HP: 14/14 MP: 1/1
    83 | D:1      | Reached XP level 2. HP: 19/19 MP: 2/2
    85 | D:1      | Reached skill level 1 in Polearms
   222 | D:1      | Reached XP level 3. HP: 24/24 MP: 3/3
   762 | D:2      | Reached skill level 4 in Fighting
   808 | D:2      | Reached XP level 4. HP: 29/29 MP: 4/4
   975 | D:2      | Noticed Jessica
   988 | D:2      | Killed Jessica
  1165 | D:2      | Noticed Terence
  1176 | D:2      | Killed Terence
  1177 | D:2      | Reached XP level 5. HP: 21/34 MP: 5/5
  1937 | D:3      | Reached XP level 6. HP: 28/40 MP: 6/6
  2036 | D:3      | Found an iron altar of Okawaru.
  2120 | D:3      | Reached skill level 5 in Fighting
  2658 | D:4      | Identified a scroll of acquirement
  2658 | D:4      | Acquired a +0 demon whip of venom
  2671 | D:4      | Noticed a sky beast
  2679 | D:4      | Killed a sky beast
  2694 | D:4      | Found a snail-covered altar of Cheibriados.
  2694 | D:4      | Found a hazy altar of Hepliaklqana.
  2752 | D:3      | Became a worshipper of Warmaster Okawaru
  2752 | D:3      | Reached * piety under Okawaru
  2752 | D:3      | Reached ** piety under Okawaru
  2851 | D:4      | Reached XP level 7. HP: 42/44 MP: 7/7
  2859 | D:4      | Noticed Robin
  2881 | D:4      | Killed Robin
  2973 | D:4      | HP: 1/44 [ogre/+0 giant club (16)]
  3341 | D:4      | Reached skill level 5 in Maces & Flails
  3647 | D:5      | Entered Level 5 of the Dungeon
  3659 | D:5      | Found a glowing drain.
  3680 | Sewer    | Entered a sewer
  3752 | Sewer    | Noticed Pargi
  3761 | Sewer    | Killed Pargi
  3762 | Sewer    | Reached skill level 6 in Fighting
  3886 | D:5      | Found Menil's Book Emporium.
  3982 | D:5      | Reached XP level 8. HP: 42/52 MP: 8/8
  4699 | D:5      | Found a sparkling altar of Nemelex Xobeh.
  4858 | D:6      | Reached skill level 7 in Fighting
  4939 | D:6      | Reached *** piety under Okawaru
  5568 | D:7      | Reached XP level 9. HP: 50/59 MP: 9/9
  5768 | D:6      | Found a blossoming altar of Fedhas.
  5837 | D:6      | Noticed Maggie
  5852 | D:6      | Killed Maggie
  5853 | D:6      | Reached skill level 8 in Fighting
  5949 | D:6      | Found a staircase to the Ecumenical Temple.
  6097 | D:6      | Found an ancient bone altar of Kikubaaqudgha.
  6237 | D:7      | Reached skill level 1 in Armour
  6257 | D:7      | Found an ornate altar of the Wu Jian Council.
  6395 | D:7      | Reached **** piety under Okawaru
  7075 | D:8      | Reached skill level 9 in Fighting
  7289 | D:8      | Reached skill level 5 in Armour
  7317 | D:8      | Found a runed translucent gate.
  7317 | D:8      | Found a runed translucent gate.
  7318 | D:8      | Found a runed translucent gate.
  7319 | D:8      | Noticed Videorelaxant888's ghost (novice GnMo)
  7340 | D:8      | Noticed a komodo dragon
  7341 | D:8      | Found a glowing golden altar of the Shining One.
  7357 | D:8      | a komodo dragon changed into an ice beast
  7489 | D:8      | Found a basalt altar of Yredelemnul.
  7513 | D:8      | Noticed an angel
  7569 | D:8      | Reached XP level 10. HP: 51/66 MP: 10/10
  8055 | D:8      | Found a white marble altar of Elyvilon.
  8055 | D:8      | Found a shadowy altar of Dithmenos.
  8071 | D:8      | Found a hide-covered altar of Uskayaw.
  8397 | D:8      | Found a viscous altar of Jiyva.
  8631 | D:9      | Reached skill level 10 in Fighting
  8892 | D:9      | Found a broken altar of Ashenzari.
  8895 | D:9      | Noticed Gastronok
  8918 | D:9      | Killed Gastronok
  8918 | D:9      | Reached ***** piety under Okawaru
  8918 | D:9      | Received a gift from Okawaru
  8919 | D:9      | Reached skill level 10 in Maces & Flails
  9022 | D:9      | Found a staircase to the Orcish Mines.
  9328 | D:9      | Noticed Joseph
  9346 | D:9      | Killed Joseph
  9508 | D:9      | Reached XP level 11. HP: 66/73 MP: 11/11
  9665 | D:9      | Reached skill level 11 in Fighting
 10385 | D:10     | Entered Level 10 of the Dungeon
 10435 | D:10     | Found a radiant altar of Vehumet.
 10461 | D:10     | Found a staircase to the Lair.
 10461 | D:10     | Noticed a fire crab
 10473 | D:10     | Killed a fire crab
 10473 | D:10     | Received a gift from Okawaru
 10635 | D:10     | Reached skill level 1 in Throwing
 10728 | D:10     | Found a flagged portal.
 10742 | Bailey   | Entered a bailey
 11298 | D:10     | Found a stormy altar of Qazlal.
 11461 | D:11     | Found Iledghuci's General Store.
 11480 | D:11     | Bought an amulet of regeneration for 390 gold pieces
 11505 | D:11     | Gained mutation: You are partially covered in iridescent
                  | scales. (AC +2) [potion of mutation]
 11505 | D:11     | Gained mutation: You are mostly covered in iridescent
                  | scales. (AC +4) [potion of mutation]
 11505 | D:11     | Gained mutation: Your flesh is heat resistant. (rF+)
                  | [potion of mutation]
 11654 | D:10     | Found a burning altar of Makhleb.
 12172 | D:10     | Received a gift from Okawaru
 12472 | D:10     | Found Zixi's Antique Armour Shoppe.
 12480 | D:10     | Bought a steaming plate armour for 868 gold pieces
 12480 | D:10     | Identified the +2 plate armour "Fazo" {+Inv Stlth+} (You
                  | bought it in a shop on level 10 of the Dungeon)
 12679 | D:11     | Found Zasseo's Antique Armour Shop.
 12758 | D:11     | Reached skill level 12 in Fighting
 12766 | D:11     | Reached skill level 5 in Throwing
 12929 | D:11     | Noticed a boulder beetle
 12947 | D:11     | Killed a boulder beetle
 12958 | D:11     | Found Vam Dyjasuf's Jewellery Shop.
 12977 | D:11     | Noticed a two-headed ogre
 12981 | D:11     | Killed a two-headed ogre
 12981 | D:11     | Received a gift from Okawaru
 12982 | D:11     | Reached XP level 12. HP: 82/82 MP: 12/12
 12995 | D:11     | Identified the +5 mace of Extinguishment {vamp, rC+ Stlth+}
 13147 | D:11     | Noticed Erolcha
 13159 | D:11     | Killed Erolcha
 13244 | D:12     | Noticed a hell knight
 13262 | D:12     | Found a gate leading to a gauntlet.
 13269 | Gauntlet | Entered a Gauntlet
 13269 | Gauntlet | Found a transporter.
 13269 | Gauntlet | Found a transporter.
 13281 | Gauntlet | Found a transporter.
 13284 | Gauntlet | Found a transporter.
 13292 | Gauntlet | Found a transporter.
 13297 | Gauntlet | Found a transporter.
 13317 | Gauntlet | Found a transporter.
 13325 | Gauntlet | Found a transporter.
 13343 | Gauntlet | Found a transporter.
 13347 | Gauntlet | Found a transporter.
 13355 | Gauntlet | Found a transporter.
 13359 | Gauntlet | Found a transporter.
 13445 | Gauntlet | Received a gift from Okawaru
 13454 | Gauntlet | Got the Tractate on Skeletons and Aeromancy
 13480 | Gauntlet | Reached skill level 13 in Fighting
 13501 | Gauntlet | Identified the ring of Redel {Fire Will+ Int+4 Dex+3}
 13536 | Gauntlet | Identified the +8 triple crossbow "Ketame" {freeze, Int+4
                  | Stlth+}
 13536 | Gauntlet | Noticed a minotaur
 13553 | Gauntlet | Killed a minotaur
 13560 | Gauntlet | Identified the staff of the Arena {rElec rPois Alchemy}
 13611 | D:12     | Noticed a boulder beetle
 13623 | D:12     | Killed a boulder beetle
 13647 | D:12     | Noticed Jorgrun
 13648 | D:12     | Noticed Maurice
 13686 | D:12     | Killed Jorgrun
 13699 | D:12     | Killed Maurice
 13917 | D:12     | Killed a hell knight
 13946 | D:12     | Noticed a hell knight
 13962 | D:12     | Noticed a hell knight
 13972 | D:12     | Killed a hell knight
 13978 | D:12     | Noticed a hell knight
 13985 | D:12     | Noticed a hell knight
 13996 | D:12     | Noticed a hell knight
 14013 | D:12     | Reached skill level 10 in Throwing
 14262 | D:12     | Reached skill level 14 in Fighting
 14262 | D:12     | Reached XP level 13. HP: 89/90 MP: 13/13
 14597 | D:12     | Reached ****** piety under Okawaru
 14600 | D:12     | Acquired the +6 triple crossbow of Cumudghe {penet, ^Drain
                  | Int+4 Dex+2}
 14600 | D:12     | Received a gift from Okawaru
 14602 | D:12     | Acquired the orb of Okawaru's Esteem {mayhem, Int+2 Dex+3
                  | Earth}
 14602 | D:12     | Received a gift from Okawaru
 14769 | D:12     | Received a gift from Okawaru
 14931 | D:12     | Noticed Azrael
 14974 | D:12     | Killed Azrael
 15311 | D:12     | Noticed Sonja
 15331 | D:12     | Killed Sonja
 15411 | D:12     | Found a runed translucent door.
 15411 | D:12     | Found a shimmering altar of Xom.
 15411 | D:12     | Noticed Newt's ghost (journeyman GrFi)
 15655 | D:13     | Found Dasex's Assorted Antiques.
 15664 | D:13     | Bought a scroll of identify for 68 gold pieces
 15791 | D:13     | Received a gift from Okawaru
 15912 | D:13     | Reached skill level 10 in Armour
 15942 | D:13     | Noticed a vault guard
 15959 | D:13     | Reached skill level 1 in Evocations
 15973 | D:13     | Killed a vault guard
 16329 | D:13     | Noticed a vault guard
 16341 | D:13     | Killed a vault guard
 16342 | D:13     | Shot with a bolt by a yaktaur

Illustrated notes

Levels and vault maps discovered:
D:1:      dpeg_arrival_orchard, layout_basic, minmay_misc_feat_four_crosses,
          minmay_three_crescents
D:2:      layout_loops_corners, minmay_snake_closets, uniq_terence, uniq_jessica
D:3:      layout_basic, mainiacjoe_overflow_chevrons
D:4:      layout_rooms, mainiacjoe_overflow_large_starburst, uniq_robin
D:5:      cheibrodos_helix_gallery, layout_basic,
          mainiacjoe_overflow_six_doors_small, cheibrodos_sewer_entry_bend,
          serial_shops, shop_fountains, roderic_lattice_a
D:6:      layout_basic, amcnicky_altar_gilded,
          mainiacjoe_overflow_surrounded_room, minmay_temple_entry_mist,
          uniq_maggie
D:7:      layout_basic, old_standard_altar, grunt_ministairs_15
D:8:      layout_basic, grunt_temple_overflow_holy_war,
          nicolae_uskayaw_dance_studio, mainiacjoe_overflow_divided_tiny,
          gammafunk_ghost_ooze, nicolae_figureground_sparkle
D:9:      wander_river, layout_long_grid, ashenzari_altar_1,
          minmay_orc_entry_guard_dogs, centaur_isle, uniq_gastronok, uniq_joseph
D:10:     layout_gridville, mainiacjoe_overflow_alcove_2,
          nicolae_qazlal_scattered_showers, nicolae_vehumet_altar_sigil,
          minmay_lair_entry_lava, enter_bailey_7, serial_shops,
          nicolae_shop_competitors_out_of_business, minmay_misc_feat_chi
D:11:     layout_roguey, serial_shops, shop, shop, nicolae_stop_n_shop_2,
          uniq_erolcha
D:12:     layout_roguey, ebering_ghost_xom, gauntlet_entry_generic,
          minmay_rotating_lava, uniq_azrael, uniq_maurice, uniq_jorgrun,
          uniq_sonja
D:13:     giant_chief_lemuel, layout_irregular_city,
          grunt_vaults_entry_fortified, serial_shops, shop,
          gammafunk_ghost_nasty_kobolds, serial_glass, glass_columns_a,
          glass_columns_b, glass_columns_c, glass_columns_b

Skill      XL: |  1  2  3  4  5  6  7  8  9 10 11 12 13 |
---------------+----------------------------------------+-----
Polearms       | 1 2 3 4 |  4.2
Fighting       | 4 5 6 7 9 10 12 14 | 14.9
Maces & Flails | 4 6 8 9 11 | 11.4
Armour         | 5 7 10 | 10.0
Throwing       | 6 10 | 10.5
Evocations     | 3 |  3.1
Dodging        | |  2.4

Action                     |  1- 3 |  4- 6 |  7- 9 | 10-12 | 13-15 || total
---------------------------+-------+-------+-------+-------+-------++-------
  Melee: Spear             |    71 |    99 |       |       |       ||   170
         Mace              |     3 |       |       |       |       ||     3
         Demon whip        |       |    28 |   371 |   662 |   245 ||  1306
         Punch             |       |       |       |     2 |     1 ||     3
  Throw: Dart              |       |       |       |    17 |       ||    17
         Boomerang         |       |       |       |     4 |       ||     4
 Invoke: Heroism           |       |       |     1 |     3 |       ||     4
         Receive Weapon    |       |       |       |       |     1 ||     1
         Receive Armour    |       |       |       |       |     1 ||     1
  Evoke: Lightning rod     |       |       |       |     5 |     1 ||     6
         Wand              |       |       |       |     3 |     1 ||     4
         Condenser vane    |       |       |       |     1 |       ||     1
    Use: Scroll            |     3 |     4 |     4 |    11 |     3 ||    25
         Potion            |       |       |     3 |    12 |     1 ||    16
   Stab: Invisible         |       |       |       |     4 |       ||     4
         Distracted        |       |       |       |       |     1 ||     1
 Armour: Robe              |    15 |    39 |   142 |       |       ||   196
         Acid dragon scale |       |       |    95 |   513 |   175 ||   783
  Dodge: Dodged            |    25 |    47 |   212 |   388 |   173 ||   845

Table legend: (Time is in decaauts)
 A = Elapsed time spent in this place.
 B = Non-inter-level travel time spent in this place.
 C = Inter-level travel time spent in this place.
 D = Time resting spent in this place.
 E = Time spent auto-exploring this place.
 F = Levels seen in this place.
 G = Mean time per level.
                   A        B        C        D        E       F      G
               +--------+--------+--------+--------+--------+-----+--------+
         Total |  15855 |  15324 |    531 |   4712 |   8028 |  16 |  990.9 |
       Dungeon |  15050 |  14519 |    531 |   4698 |   7580 |  13 | 1157.7 |
         Sewer |    145 |    145 |      0 |      0 |     88 |   1 |  145.0 |
        Bailey |    394 |    394 |      0 |      0 |    248 |   1 |  394.0 |
      Gauntlet |    264 |    264 |      0 |     14 |    111 |   1 |  264.0 |
               +--------+--------+--------+--------+--------+-----+--------+

Top non-repeatable levels by time:
    D:12: 1975 daAuts
     D:9: 1862 daAuts
     D:8: 1749 daAuts
    D:10: 1190 daAuts
     D:2: 1125 daAuts
     D:7: 1122 daAuts
     D:6: 1087 daAuts
     D:5: 1016 daAuts
     D:4: 908 daAuts
     D:3: 881 daAuts
    D:11: 730 daAuts
     D:1: 717 daAuts
    D:13: 683 daAuts
  Bailey: 394 daAuts
Gauntlet: 264 daAuts
